TOP OF THE 1ST |
Chula Vista Tacos batting - Pitching for Surrey Sinners : LHP Scott Davis
|
Pitching: LHP Scott Davis
|
|
Batting: RHB Matt O'Rourke
|
0-0: Called Strike 0-1: Called Strike 0-2: Foul Ball, location: 2F 0-2: Ball 1-2: Foul Ball, location: 2F 1-2: Fly out, F7 (Flyball, 7LM)
|
Batting: RHB Ron Garrett
|
0-0: Ball 1-0: Foul Ball, location: 2F 1-1: Ball 2-1: Foul Ball, location: 2F 2-2: Foul Ball, location: 2F 2-2: Foul Ball, location: 2F 2-2: Ball 3-2: Strikes out swinging
|
Batting: LHB Steven Smith
|
0-0: Called Strike 0-1: Foul Ball, location: 2F 0-2: Ball 1-2: Foul Ball, location: 2F 1-2: Ball 2-2: Foul Ball, location: 2F 2-2: Strikes out swinging
|
Top of the 1st over - 0 run(s), 0 hit(s), 0 error(s), 0 left on base; Chula Vista 0 - Surrey 0 |
BOTTOM OF THE 1ST |
Surrey Sinners batting - Pitching for Chula Vista Tacos : RHP Chris Jacobs
|
Pitching: RHP Chris Jacobs
|
|
Batting: RHB Jason Nava
|
0-0: Swinging Strike 0-1: Ball 1-1: Called Strike 1-2: Strikes out swinging
|
Batting: RHB Mitchell Darragh
|
0-0: Called Strike 0-1: Ball 1-1: Ground out 6-3 (Groundball, 6)
|
Batting: SHB António Ramos
|
0-0: Called Strike 0-1: Ball 1-1: Foul Ball, location: 2F 1-2: Foul Ball, location: 2F 1-2: Ball 2-2: Ball 3-2: Foul Ball, location: 2F 3-2: Fly out, F7 (Flyball, 7)
|
Bottom of the 1st over - 0 run(s), 0 hit(s), 0 error(s), 0 left on base; Chula Vista 0 - Surrey 0 |
TOP OF THE 2ND |
Chula Vista Tacos batting - Pitching for Surrey Sinners : LHP Scott Davis
|
Batting: RHB Jake Lawrence
|
0-0: Ball 1-0: Called Strike 1-1: Ground out 6-3 (Groundball, 6S)
|
Batting: LHB Nick Hill
|
0-0: Ball 1-0: Foul Ball, location: 2F 1-1: Fly out, F7 (Flyball, 7LMF)
|
Batting: RHB Juan Morales
|
0-0: Called Strike 0-1: Ball 1-1: Foul Ball, location: 2F 1-2: Ground out 6-3 (Groundball, 56)
|
Top of the 2nd over - 0 run(s), 0 hit(s), 0 error(s), 0 left on base; Chula Vista 0 - Surrey 0 |
BOTTOM OF THE 2ND |
Surrey Sinners batting - Pitching for Chula Vista Tacos : RHP Chris Jacobs
|
Batting: LHB Juan Hinojosa
|
0-0: Ball 1-0: Ground out 6-3 (Groundball, 6M)
|
Batting: RHB Dennis House
|
0-0: Ground out U3 (Groundball, 34)
|
Batting: RHB John Stevens
|
0-0: Fly out, F9 (Flyball, 9S)
|
Bottom of the 2nd over - 0 run(s), 0 hit(s), 0 error(s), 0 left on base; Chula Vista 0 - Surrey 0 |
TOP OF THE 3RD |
Chula Vista Tacos batting - Pitching for Surrey Sinners : LHP Scott Davis
|
Batting: LHB Roderick Delgado
|
0-0: SINGLE (Line Drive, 4MD)
|
Batting: RHB Domynguos Tabucchi
|
0-0: Ball 1-0: Ball 2-0: Fly out, F5 (Popup, 5S)
|
Batting: RHB Preston Wooten
|
0-0: Foul Ball, location: 2F 0-1: Ball 1-1: Ball 2-1: Fly out, F8 (Flyball, 8LS)
|
Batting: RHB Matt O'Rourke
|
0-0: Ball Roderick Delgado steals 2nd base 1-0: Ball 2-0: Called Strike 2-1: Ground out 6-3 (Groundball, 6)
|
Top of the 3rd over - 0 run(s), 1 hit(s), 0 error(s), 1 left on base; Chula Vista 0 - Surrey 0 |
BOTTOM OF THE 3RD |
Surrey Sinners batting - Pitching for Chula Vista Tacos : RHP Chris Jacobs
|
Batting: RHB Jorge Barrios
|
0-0: Ball 1-0: Ball 2-0: Called Strike 2-1: Reached on error, E5 (Groundball, 56)
|
Batting: RHB Mauro Paredes
|
0-0: Ball 1-0: Foul Ball, location: 2F 1-1: Ball 2-1: 2-RUN HOME RUN (Flyball, 7D), Distance : 371 ft
|
Batting: LHB Jorge Martínez
|
0-0: Swinging Strike 0-1: Ball 1-1: Fly out, F9 (Flyball, 9LM)
|
Batting: RHB Jason Nava
|
0-0: Fly out, F9 (Flyball, 9)
|
Batting: RHB Mitchell Darragh
|
0-0: Fly out, F6 (Popup, 56D)
|
Bottom of the 3rd over - 2 run(s), 1 hit(s), 1 error(s), 0 left on base; Chula Vista 0 - Surrey 2 |
TOP OF THE 4TH |
Chula Vista Tacos batting - Pitching for Surrey Sinners : LHP Scott Davis
|
Batting: RHB Ron Garrett
|
0-0: Foul Ball, location: 2F 0-1: Foul Ball, location: 2F 0-2: Foul Ball, location: 2F 0-2: Fly out, F9 (Flyball, 89M)
|
Batting: LHB Steven Smith
|
0-0: Swinging Strike 0-1: Called Strike 0-2: Strikes out looking
|
Batting: RHB Jake Lawrence
|
0-0: Fly out, F8 (Flyball, 8RM)
|
Top of the 4th over - 0 run(s), 0 hit(s), 0 error(s), 0 left on base; Chula Vista 0 - Surrey 2 |
BOTTOM OF THE 4TH |
Surrey Sinners batting - Pitching for Chula Vista Tacos : RHP Chris Jacobs
|
Batting: SHB António Ramos
|
0-0: Called Strike 0-1: Ball 1-1: Ball 2-1: Swinging Strike 2-2: Foul Ball, location: 2F 2-2: Foul Ball, location: 2F 2-2: Ball 3-2: Base on Balls
|
Batting: LHB Juan Hinojosa
|
0-0: Swinging Strike 0-1: Ball 1-1: Foul Ball, location: 2F 1-2: SINGLE (Groundball, 56D) António Ramos to second
|
Batting: RHB Dennis House
|
0-0: Called Strike 0-1: Ball António Ramos steals 3rd base Juan Hinojosa to second 1-1: Foul Ball, location: 2F 1-2: Ground out 6-3 (Groundball, 56) António Ramos scores
|
Batting: RHB John Stevens
|
0-0: Ball 1-0: Swinging Strike 1-1: Ball 2-1: Swinging Strike 2-2: Strikes out swinging
|
Batting: RHB Jorge Barrios
|
0-0: Called Strike 0-1: Swinging Strike 0-2: Ground out 5-3 (Groundball, 56S)
|
Bottom of the 4th over - 1 run(s), 1 hit(s), 0 error(s), 1 left on base; Chula Vista 0 - Surrey 3 |
TOP OF THE 5TH |
Chula Vista Tacos batting - Pitching for Surrey Sinners : LHP Scott Davis
|
Batting: LHB Nick Hill
|
0-0: Ball 1-0: Called Strike 1-1: Ground out 5-3 (Groundball, 56)
|
Batting: RHB Juan Morales
|
0-0: Ball 1-0: Ball 2-0: Called Strike 2-1: Ground out 5-3 (Groundball, 5S)
|
Batting: LHB Roderick Delgado
|
0-0: Ground out U3 (Groundball, 34)
|
Top of the 5th over - 0 run(s), 0 hit(s), 0 error(s), 0 left on base; Chula Vista 0 - Surrey 3 |
BOTTOM OF THE 5TH |
Surrey Sinners batting - Pitching for Chula Vista Tacos : RHP Chris Jacobs
|
Batting: RHB Mauro Paredes
|
0-0: Foul Ball, location: 2F 0-1: Ground out 4-3 (Groundball, 4)
|
Batting: LHB Jorge Martínez
|
0-0: Called Strike 0-1: Ground out 1-3 (Groundball, 13)
|
Batting: RHB Jason Nava
|
0-0: Called Strike 0-1: Fly out, F8 (Flyball, 78D)
|
Bottom of the 5th over - 0 run(s), 0 hit(s), 0 error(s), 0 left on base; Chula Vista 0 - Surrey 3 |
TOP OF THE 6TH |
Chula Vista Tacos batting - Pitching for Surrey Sinners : LHP Scott Davis
|
Batting: RHB Domynguos Tabucchi
|
0-0: Ball 1-0: Swinging Strike 1-1: SINGLE (Groundball, 56S) (infield hit)
|
Batting: RHB Preston Wooten
|
0-0: Fly out, F8 (Flyball, 8RM)
|
Batting: RHB Matt O'Rourke
|
0-0: Ball 1-0: Foul Ball, location: 2F 1-1: Ball 2-1: Called Strike 2-2: Strikes out swinging Domynguos Tabucchi is caught stealing 2nd base Batter strikes out.
|
Top of the 6th over - 0 run(s), 1 hit(s), 0 error(s), 0 left on base; Chula Vista 0 - Surrey 3 |
BOTTOM OF THE 6TH |
Surrey Sinners batting - Pitching for Chula Vista Tacos : RHP Chris Jacobs
|
Batting: RHB Mitchell Darragh
|
0-0: Ball 1-0: Ball 2-0: Ball 3-0: Called Strike 3-1: Base on Balls
|
Batting: SHB António Ramos
|
0-0: Ball Pickoff Throw to First - Out! 1-0: Ball 2-0: SINGLE (Line Drive, 89S)
|
Batting: LHB Juan Hinojosa
|
0-0: Ball António Ramos steals 2nd base 1-0: Intentional Walk
|
Batting: RHB Dennis House
|
0-0: Called Strike 0-1: Grounds into double play, 5-4-3 (Groundball, 56)
|
Bottom of the 6th over - 0 run(s), 1 hit(s), 0 error(s), 1 left on base; Chula Vista 0 - Surrey 3 |
TOP OF THE 7TH |
Chula Vista Tacos batting - Pitching for Surrey Sinners : LHP Scott Davis
|
Batting: RHB Ron Garrett
|
0-0: Ball 1-0: SINGLE (Line Drive, 78S)
|
Batting: LHB Steven Smith
|
0-0: Ball 1-0: DOUBLE (Line Drive, 78D) Ron Garrett to third
|
Batting: RHB Jake Lawrence
|
0-0: Foul Ball, location: 2F 0-1: Fly out, F8 (Flyball, 8LS)
|
Batting: LHB Nick Hill
|
0-0: Fly out, F7 (Flyball, 7LS)
|
Batting: RHB Juan Morales
|
0-0: Foul Ball, location: 2F 0-1: Ball 1-1: Foul Ball, location: 2F 1-2: Ball 2-2: Foul Ball, location: 2F 2-2: Ball 3-2: Base on Balls
|
Pinch Hitting: SHB Tony Varela
|
0-0: Swinging Strike 0-1: Swinging Strike 0-2: Strikes out swinging
|
Top of the 7th over - 0 run(s), 2 hit(s), 0 error(s), 3 left on base; Chula Vista 0 - Surrey 3 |
BOTTOM OF THE 7TH |
Surrey Sinners batting - Pitching for Chula Vista Tacos : RHP Chris Jacobs
|
Now in CF: Guillermo Deleón
|
|
Batting: RHB John Stevens
|
0-0: Called Strike 0-1: Called Strike 0-2: Strikes out swinging
|
Batting: RHB Jorge Barrios
|
0-0: Ball 1-0: Ball 2-0: Called Strike 2-1: SINGLE (Flyball, 9LM)
|
Batting: RHB Mauro Paredes
|
0-0: Called Strike 0-1: Ball 1-1: Fly out, F1 (Line Drive, 13)
|
Pitching: LHP Alonso Parrish
|
|
Batting: LHB Jorge Martínez
|
0-0: Ball 1-0: Fly out, F2 (Popup, 5S)
|
Bottom of the 7th over - 0 run(s), 1 hit(s), 0 error(s), 1 left on base; Chula Vista 0 - Surrey 3 |
TOP OF THE 8TH |
Chula Vista Tacos batting - Pitching for Surrey Sinners : LHP Scott Davis
|
Pitching: LHP Clarence Gill
|
|
Batting: RHB Domynguos Tabucchi
|
0-0: Called Strike 0-1: Foul Ball, location: 2F 0-2: Foul Ball, location: 2F 0-2: Ground out 5-3 (Groundball, 56S)
|
Batting: RHB Preston Wooten
|
0-0: Called Strike 0-1: Ground out 6-3 (Groundball, 6)
|
Batting: RHB Matt O'Rourke
|
0-0: Swinging Strike 0-1: Ball 1-1: Fly out, F8 (Line Drive, 8LS)
|
Top of the 8th over - 0 run(s), 0 hit(s), 0 error(s), 0 left on base; Chula Vista 0 - Surrey 3 |
BOTTOM OF THE 8TH |
Surrey Sinners batting - Pitching for Chula Vista Tacos : LHP Alonso Parrish
|
Batting: RHB Jason Nava
|
0-0: Foul Ball, location: 2F 0-1: Called Strike 0-2: Ball 1-2: Ball 2-2: Ball 3-2: Ground out 6-3 (Groundball, 6)
|
Batting: RHB Mitchell Darragh
|
0-0: SINGLE (Groundball, 6MD)
|
Batting: SHB António Ramos
|
0-0: Ball 1-0: Grounds into double play, 6-4-3 (Groundball, 6M)
|
Bottom of the 8th over - 0 run(s), 1 hit(s), 0 error(s), 0 left on base; Chula Vista 0 - Surrey 3 |
TOP OF THE 9TH |
Chula Vista Tacos batting - Pitching for Surrey Sinners : LHP Clarence Gill
|
Pitching: LHP Miguel Pazo
|
|
Batting: RHB Ron Garrett
|
0-0: Called Strike 0-1: Ball 1-1: Ball 2-1: Ball 3-1: Base on Balls
|
Batting: LHB Steven Smith
|
0-0: Foul Ball, location: 2F 0-1: Ball 1-1: Swinging Strike 1-2: Strikes out swinging
|
Batting: RHB Jake Lawrence
|
0-0: Ball 1-0: Ball 2-0: Called Strike 2-1: Foul Ball, location: 2F 2-2: Strikes out looking
|
Batting: LHB Nick Hill
|
0-0: Called Strike 0-1: Foul Ball, location: 2F 0-2: Strikes out swinging
|
Top of the 9th over - 0 run(s), 0 hit(s), 0 error(s), 1 left on base; Chula Vista 0 - Surrey 3 |
|